 Dungeon Crawl Stone Soup version 0.19-a0-1792-g28b16ba (webtiles) character file.

140 wazuzu the Cudgeler (level 5, -4/54 HPs)
             Began as an Ogre Berserker on Oct 4, 2016.
             Was a Believer of Trog.
             Killed from afar by an orc wizard (12 damage)
             ... with a puff of flame
             ... on level 3 of the Dungeon.
             The game lasted 00:04:45 (1943 turns).

wazuzu the Cudgeler (Ogre Berserker)                Turns: 1943, Time: 00:04:46

Health: -4/54      AC:  3    Str: 22    XL:     5   Next: 23%
Magic:  5/5        EV: 10    Int:  6    God:    Trog [**....]
Gold:   98         SH:  0    Dex:  8    Spells: 0 memorised, 4 levels left

rFire  . . .     SeeInvis .     a - +0 mace
rCold  . . .     Gourm    .     b - +0 animal skin
rNeg   . . .     Faith    .     (no shield)
rPois  .         Spirit   .     (helmet restricted)
rElec  .         Dismiss  .     (no cloak)
rCorr  .         Reflect  .     (gloves unavailable)
MR     ++...     Harm     .     (boots unavailable)
Stlth  +.........               (no amulet)
                                (no ring)
                                g - -2 ring of dexterity (curse)

@: regenerating
A: unfitting armour, tough skin 1
a: Berserk, Trog's Hand, Burn Spellbooks, Renounce Religion


You were on level 3 of the Dungeon.
You worshipped Trog.
Trog was pleased with you.
You were very hungry.

You visited 1 branch of the dungeon, and saw 3 of its levels.

You collected 98 gold pieces.

Inventory:

Hand Weapons
 a - a +0 mace (weapon)
Armour
 b - a +0 animal skin (worn)
Jewellery
 g - a cursed -2 ring of dexterity (left hand)
Scrolls
 l - a scroll of remove curse {unknown}
Potions
 d - 2 potions of brilliance {unknown}
 e - a potion of heal wounds
 f - 2 potions of might {unknown}
 h - a potion of haste
 i - a potion of flight {unknown}
 k - 2 potions of berserk rage {unknown}
 n - a potion of degeneration {unknown}
 o - a potion of curing {unknown}
Comestibles
 c - 3 bread rations
 j - a chunk of flesh
 m - a meat ration


   Skills:
 - Level 4.0 Fighting
 + Level 7.6 Maces & Flails
 - Level 2.6 Dodging


You had 4 spell levels left.
You didn't know any spells.

Dungeon Overview and Level Annotations

Branches:
Dungeon (3/15)

Altars:
Ashenzari
Qazlal


Innate Abilities, Weirdness & Mutations

You are too large for most types of armour.
You have tough skin. (AC +1)


Message History

You closely miss something.
You hear some strange, mumbled words.
A puff of frost appears from out of thin air!
The puff of frost hits you!
* * * LOW HITPOINT WARNING * * *
You miss something.
You hear some strange, mumbled words.
A magic dart appears from out of thin air!
The magic dart hits you!
* * * LOW HITPOINT WARNING * * *
You hit something but do no damage. Something hits you but does no damage.
Eat a chunk of flesh? (ye/n/q)
You start eating one of the 3 bread rations.
Something hits you but does no damage.
Keep eating?
You stop eating.
You hear some strange, mumbled words.
A puff of flame appears from out of thin air!
The puff of flame hits you!
You die...

...#..........)...#
...#.####.#..####.#
##.#.........#..#.#
#.#............#.#
#.#...#....##.##.#
#(#...#..........#
#.#.###...########
#.#.###.#.....(###
#.#.....<......@.#
#.#..##.##.###.#.#
#..#......##.#o#
#..#..#......#.#
#..#......####.#
####..#......# #.#
.............####.#
####............#.#
# #..........# #.#


You could see an orc.

Vanquished Creatures
  Ijyb (D:2)
  An orc wizard (D:3)
  2 adders (D:2)
  An ooze (D:1)
  3 worms
  A dart slug (D:2)
  A leopard gecko (D:1)
  5 orcs (D:3)
  6 giant cockroaches
  9 goblins
  5 hobgoblins
  6 kobolds
  A ball python (D:1)
  3 bats (D:1)
  2 frilled lizards
  5 rats
52 creatures vanquished.

Notes
Turn   | Place    | Note
-------+----------+-------------------------------------------
     0 | D:1      | wazuzu the Ogre Berserker began the quest for the Orb.
     0 | D:1      | Reached XP level 1. HP: 24/24 MP: 1/1
   165 | D:1      | Reached XP level 2. HP: 23/32 MP: 2/2
   267 | D:1      | Reached skill level 5 in Maces & Flails
   568 | D:1      | Reached XP level 3. HP: 37/39 MP: 3/3
  1028 | D:2      | Noticed Ijyb
  1035 | D:2      | Killed Ijyb
  1035 | D:2      | Reached skill level 6 in Maces & Flails
  1035 | D:2      | Reached XP level 4. HP: 48/48 MP: 4/4
  1477 | D:2      | Found a stormy altar of Qazlal.
  1494 | D:2      | Reached ** piety under Trog
  1684 | D:3      | Reached skill level 7 in Maces & Flails
  1685 | D:3      | Found a shattered altar of Ashenzari.
  1918 | D:3      | Reached XP level 5. HP: 54/54 MP: 5/5
  1943 | D:3      | Killed from afar by an orc wizard

Vault maps used:
D:1:      minmay_arrival_open_corners, grunt_decor_mini_mirrors
D:2:      lemuel_coloured_pillars_altar, first_bread, uniq_iyjb
D:3:      ashenzari_altar_1, minmay_liquid_box, amethyst_killhole

Skill      XL: |  1  2  3  4 |
---------------+-------------+-----
Maces & Flails | 5 6 7 |  7.6
Fighting       | |  4.0
Dodging        | |  2.6

Action                   |  1- 3 |  4- 6 || total
-------------------------+-------+-------++-------
Melee: Mace              |    95 |    98 ||   193
Invok: Berserk           |     1 |     1 ||     2
       Trog's Hand       |       |     2 ||     2
  Use: Scroll            |       |     5 ||     5
  Eat: Chunk             |     1 |     4 ||     5
Armor: Animal skin       |    28 |    12 ||    40
Dodge: Dodged            |    80 |    32 ||   112
